 Dungeon Crawl Stone Soup version 0.24-a0-781-g048a31f (webtiles) character file.

Game seed: 15768503083292290743, levelgen mode: deterministic

178 pichaelthompson the Shield-Bearer (level 5, -3/47 HPs)
             Began as a Gnoll Fighter on Oct 8, 2019.
             Was an Initiate of Ashenzari.
             Killed by divine providence
             ... invoked by an orc priest
              (15 damage)
             ... on level 4 of the Dungeon.
             The game lasted 00:05:06 (2244 turns).

pichaelthompson the Shield-Bearer (Gnoll Fighter)   Turns: 2244, Time: 00:05:07

Health: -3/47      AC:  7    Str: 19    XL:     5   Next: 58%
Magic:  7/7        EV:  9    Int: 10    God:    Ashenzari [......]
Gold:   209        SH: 11    Dex: 15    Spells: 7/7 levels left

rFire    + . .     SeeInvis .   a - +0 trident
rCold    . . .     Gourm    .   c - +0 shield (curse)
rNeg     . . .     Faith    .   n - +1 ring mail {rF+}
rPois    +         Spirit   .   (no helmet)
rElec    .         Reflect  .   (no cloak)
rCorr    +         Harm     .   (no gloves)
MR       .....                  (no boots)
Stlth    +.........             (no amulet)
HPRegen  0.15/turn              h - ring of poison resistance
MPRegen  0.10/turn              j - ring of resist corrosion

@: no status effects
A: distributed training, fangs 1, strong nose
a: Curse Item, Renounce Religion


You were on level 4 of the Dungeon.
You worshipped Ashenzari.
Ashenzari was noncommittal.
You were not hungry.

You visited 1 branch of the dungeon, and saw 4 of its levels.

You collected 209 gold pieces.

Inventory:

Hand Weapons
 a - a +0 trident (weapon)
Missiles
 i - 8 boomerangs (quivered)
Armour
 c - a cursed +0 shield (worn)
 n - a +1 ring mail of fire resistance (worn)
Jewellery
 h - a ring of poison resistance (left hand)
 j - a ring of resist corrosion (right hand)
Wands
 b - a wand of polymorph (6)
Scrolls
 e - 2 scrolls of identify {unknown}
 g - 2 scrolls of fog {unknown}
 k - 3 scrolls of magic mapping {unknown}
 l - 4 scrolls of remove curse
 m - 2 scrolls of teleportation {unknown}
 o - a scroll of random uselessness {unknown}
 s - a scroll of amnesia {unknown}
 u - a scroll of enchant weapon {unknown}
Potions
 d - 2 potions of might
 p - 2 potions of curing {unknown}
 q - 3 potions of heal wounds {unknown}
 r - a potion of magic {unknown}
 t - a potion of haste {unknown}
Comestibles
 f - 8 rations
 v - 3 chunks of flesh


   Skills:
 + Level 6.7 Fighting
 + Level 1.5 Short Blades
 + Level 1.5 Long Blades
 + Level 1.5 Axes
 + Level 1.5 Maces & Flails
 + Level 4.8 Polearms
 + Level 1.5 Staves
 + Level 1.5 Slings
 + Level 1.5 Bows
 + Level 1.5 Crossbows
 + Level 1.5 Throwing
 + Level 6.7 Armour
 + Level 1.5 Dodging
 + Level 1.5 Stealth
 + Level 6.7 Shields
 + Level 1.5 Unarmed Combat
 + Level 1.5 Spellcasting
 + Level 1.2 Conjurations
 + Level 1.2 Hexes
 + Level 1.2 Charms
 + Level 1.2 Summonings
 + Level 1.2 Necromancy
 + Level 1.2 Translocations
 + Level 1.2 Transmutations
 + Level 1.2 Fire Magic
 + Level 1.2 Ice Magic
 + Level 1.2 Air Magic
 + Level 1.2 Earth Magic
 + Level 1.2 Poison Magic
 + Level 1.7 Invocations
 + Level 1.5 Evocations


You had 7 spell levels left.
You didn't know any spells.
Your spell library was empty.

Dungeon Overview and Level Annotations

Branches:
Dungeon (4/15)
 Temple: D:4-7

Altars:
Ashenzari
Dithmenos
Fedhas
Uskayaw


Innate Abilities, Weirdness & Mutations

Your experience applies equally to all skills.
You have very sharp teeth.
Your uncanny sense of smell can sniff out nearby items.


Message History

Things that are here:
a +0 short sword; an orc skeleton
Things that are here:
a +0 dagger; a +0 robe You start resting.
Eating one of 5 chunks of flesh.
You eat one of the 5 chunks of flesh.
This raw flesh tastes terrible.
You are feeling hungry.
Eating one of 4 chunks of flesh.
You eat one of the 4 chunks of flesh.
This raw flesh tastes terrible.
An orc comes into view. It is wielding a +0 club.
An orc is nearby!
An orc is nearby!
The orc shouts!
You hear a shout!
An orc and an orc priest come into view.
The orc priest shouts!
The orc shouts!
The orc moves out of view.
An orc comes into view. It is wielding a +0 spear.
The orc priest invokes the aid of Beogh against you.
Beogh smites you!
You die...

#...#### #####......#
###.......#..# #.......)##
.... #.##.##.)## .##
#...o###.)#..## #.##o.##.....#
∆ #....o...........
#@.o##.........##
##############..####..._...##
#................# .........#
#.############................
#.# #.....##....)##.. #.#
#....###..#..# #.# #.#..#
#.##### #.##... ###.#...# #.#
####


You could see an orc priest and 2 orcs.

Vanquished Creatures
  An orc wizard (D:4)
  A worker ant (D:4)
  2 adders
  An ooze (D:4)
  An adder skeleton (D:4)
  5 worms
  3 dart slugs
  A leopard gecko (D:2)
  3 orcs
  3 giant cockroaches (D:1)
  9 goblins
  12 hobgoblins
  9 jackals
  A quokka (D:2)
  A ball python (D:2)
  8 bats
  3 frilled lizards
  4 kobolds
  A leopard gecko zombie (D:4)
  6 rats
75 creatures vanquished.

Notes
Turn   | Place    | Note
-------+----------+-------------------------------------------
     0 | D:1      | pichaelthompson the Gnoll Fighter began the quest for the
                  | Orb.
     0 | D:1      | Reached XP level 1. HP: 23/23 MP: 1/1
    78 | D:1      | Reached XP level 2. HP: 29/29 MP: 2/2
   261 | D:1      | Reached XP level 3. HP: 35/35 MP: 3/3
   726 | D:2      | Reached skill level 1 in Invocations
   841 | D:2      | Found a shattered altar of Ashenzari.
   851 | D:2      | Reached skill level 1 in Short Blades
   851 | D:2      | Reached skill level 1 in Long Blades
   851 | D:2      | Reached skill level 1 in Axes
   851 | D:2      | Reached skill level 1 in Maces & Flails
   851 | D:2      | Reached skill level 1 in Staves
   851 | D:2      | Reached skill level 1 in Slings
   851 | D:2      | Reached skill level 1 in Bows
   851 | D:2      | Reached skill level 1 in Crossbows
   851 | D:2      | Reached skill level 1 in Throwing
   851 | D:2      | Reached skill level 1 in Dodging
   851 | D:2      | Reached skill level 1 in Stealth
   851 | D:2      | Reached skill level 1 in Unarmed Combat
   851 | D:2      | Reached skill level 1 in Spellcasting
   851 | D:2      | Reached skill level 1 in Evocations
   873 | D:2      | Became a worshipper of Ashenzari the Shackled
   888 | D:2      | Reached XP level 4. HP: 34/41 MP: 5/5
   902 | D:2      | Found a hide-covered altar of Uskayaw.
  1332 | D:3      | Reached skill level 1 in Conjurations
  1332 | D:3      | Reached skill level 1 in Hexes
  1332 | D:3      | Reached skill level 1 in Charms
  1332 | D:3      | Reached skill level 1 in Summonings
  1332 | D:3      | Reached skill level 1 in Necromancy
  1332 | D:3      | Reached skill level 1 in Translocations
  1332 | D:3      | Reached skill level 1 in Transmutations
  1332 | D:3      | Reached skill level 1 in Fire Magic
  1332 | D:3      | Reached skill level 1 in Ice Magic
  1332 | D:3      | Reached skill level 1 in Air Magic
  1332 | D:3      | Reached skill level 1 in Earth Magic
  1332 | D:3      | Reached skill level 1 in Poison Magic
  1563 | D:3      | Found a faded altar of an unknown god.
  2032 | D:4      | Found a blossoming altar of Fedhas.
  2086 | D:4      | Reached XP level 5. HP: 47/47 MP: 6/6
  2168 | D:4      | Found a shadowy altar of Dithmenos.
  2244 | D:4      | Killed from afar by an orc priest

Levels and vault maps discovered:
D:1:      giann_forest_graveyard, layout_basic, chequers_garden,
          minmay_misc_feat_roman, serial_bayou_crossing
D:2:      layout_rooms, eat_drink_and_be_merry_uskayaw, ashenzari_altar_1
D:3:      layout_loops_ring, chequers_ecumenical_altar_grove, first_ration,
          minivault_19, grunt_decor_one_mirror
D:4:      layout_loops_ring, nicolae_dithmenos_shadow_blocks,
          fedhas_ov_isle_minmay, old_standard_altar, marbit_many_paths

Skill      XL: |  1  2  3  4 |
---------------+-------------+-----
Invocations    | 1 |  1.7
Short Blades   | 1 |  1.5
Long Blades    | 1 |  1.5
Axes           | 1 |  1.5
Maces & Flails | 1 |  1.5
Staves         | 1 |  1.5
Slings         | 1 |  1.5
Bows           | 1 |  1.5
Crossbows      | 1 |  1.5
Throwing       | 1 |  1.5
Dodging        | 1 |  1.5
Stealth        | 1 |  1.5
Unarmed Combat | 1 |  1.5
Spellcasting   | 1 |  1.5
Evocations     | 1 |  1.5
Conjurations   | 1 |  1.2
Hexes          | 1 |  1.2
Charms         | 1 |  1.2
Summonings     | 1 |  1.2
Necromancy     | 1 |  1.2
Translocations | 1 |  1.2
Transmutations | 1 |  1.2
Fire Magic     | 1 |  1.2
Ice Magic      | 1 |  1.2
Air Magic      | 1 |  1.2
Earth Magic    | 1 |  1.2
Poison Magic   | 1 |  1.2
Fighting       | |  6.7
Polearms       | |  4.8
Armour         | |  6.7
Shields        | |  6.7

Action                   |  1- 3 |  4- 6 || total
-------------------------+-------+-------++-------
Melee: Trident           |   158 |   136 ||   294
       Bite              |    15 |    13 ||    28
Invok: Curse Item        |     1 |       ||     1
 Stab: Sleeping          |       |     1 ||     1
  Eat: Chunk             |       |     5 ||     5
Armor: Scale mail        |    71 |    18 ||    89
       Ring mail         |       |    17 ||    17
Dodge: Dodged            |    46 |    49 ||    95
Block: Shield            |   102 |    67 ||   169

Table legend:
 A = Non-vault XP
 B = Vault XP
 C = Vault XP percentage of total XP
 D = Non-vault monster count
 E = Vault monster count
 F = Vault count percentage of total count
                 A         B        C        D         E       F
            +---------+---------+-------+---------+---------+-------
      Total |     255 |       0 |   0.0 |      75 |       0 |   0.0
            +---------+---------+-------+---------+---------+-------
        D:1 |      40 |       0 |   0.0 |      22 |       0 |   0.0
        D:2 |      83 |       0 |   0.0 |      32 |       0 |   0.0
        D:3 |      38 |       0 |   0.0 |      14 |       0 |   0.0
        D:4 |      94 |       0 |   0.0 |       7 |       0 |   0.0
            +---------+---------+-------+---------+---------+-------
